[Event "Titled Tuesday Blitz May 03 Early 2022"]
[White "Mikhalsky, Vladimir"]
[Black "Jones, Gawain C B"]
[WhiteFideId "14144352"]
[BlackFideId "409561"]
[WhiteElo "2301"]
[BlackElo "2657"]
[Result "0-1"]
[Round "02"]
[TimeControl "180+1"]
[Date "2022.05.03"]
[WhiteClock "0:00:06"]
[BlackClock "0:00:19"]

1. c4 e5 2. Nc3 Bb4 3. Nd5 Bc5 4. g3 c6 5. Nc3 d5 6. cxd5 cxd5 7. Bg2 Nf6 8. Qb3 Be6 9. Qxb7 Nbd7 10. Nf3 O-O 11. O-O a5 12. Ng5 Rb8 13. Nxe6 fxe6 14. Qa6 Qe8 15. e3 e4 16. d4 Bb4 17. Bd2 Nb6 18. b3 Qh5 19. h3 Nfd7 20. Rad1 Rbc8 21. Rc1 h6 22. Nb1 Ra8 23. Qb5 Rf7 24. a3 Bxd2 25. Nxd2 a4 26. b4 Raf8 27. Rc6 e5 28. Rxb6 Nxb6 29. Qxb6 Qe2 30. Bxe4 Rxf2 31. Bxd5+ Kh8 32. Bf3 Rxf1+ 33. Nxf1 Rxf3 34. Nh2 Qe1+ 35. Kg2 Rf2# 0-1


[Site "https://www.chess.com"]

[Event "Titled Tuesday Blitz May 03 Early 2022"]
[White "Mirzoev, Azer"]
[Black "Horcajuelo Rocamora, Martin"]
[WhiteFideId "13400304"]
[BlackFideId "24573027"]
[WhiteElo "2525"]
[BlackElo "1822"]
[Result "1-0"]
[Round "02"]
[TimeControl "180+1"]
[Date "2022.05.03"]
[WhiteClock "0:00:32"]
[BlackClock "0:00:37"]

1. c4 Nf6 2. Nc3 c5 3. g3 d5 4. Bg2 d4 5. Na4 e5 6. d3 Nc6 7. a3 Be7 8. Nf3 O-O 9. O-O Be6 10. Bd2 Rc8 11. b4 b6 12. b5 Nb8 13. Nxe5 Bd6 14. Nf3 Nbd7 15. Nb2 h6 16. a4 Qc7 17. a5 Rfe8 18. Re1 Nh7 19. Qc2 f5 20. axb6 axb6 21. Ra6 g5 22. Rea1 Nhf6 23. Ra7 Qd8 24. Nd1 Qe7 25. e3 dxe3 26. fxe3 Qf8 27. Nf2 Ng4 28. Bc1 Nde5 29. Nxe5 Bxe5 30. R1a6 Nxf2 31. Qxf2 Rb8 32. Bb2 Bxb2 33. Qxb2 f4 34. exf4 Bg4 35. Bd5+ Be6 36. Qe5 Bxd5 37. Qxd5+ Kh8 38. Rf7 Re1+ 39. Kg2 Qe8 40. Kh3 Rd8 41. Qf5 Qe6 42. Qxe6 Rxe6 43. f5 Re3 44. Rxb6 Rexd3 45. Rxh6+ Kg8 46. Ra7 1-0


[Site "https://www.chess.com"]

[Event "Titled Tuesday Blitz May 03 Early 2022"]
[White "Mitrabha, Guha"]
[Black "Navalgund, Niranjan"]
[WhiteFideId "5057000"]
[BlackFideId "5030854"]
[WhiteElo "2468"]
[BlackElo "2290"]
[Result "0-1"]
[Round "02"]
[TimeControl "180+1"]
[Date "2022.05.03"]
[WhiteClock "0:00:16"]
[BlackClock "0:00:08"]

1. Nf3 Nf6 2. d4 e6 3. Bf4 Bd6 4. Bg3 O-O 5. e3 b6 6. Bd3 Bb7 7. Nbd2 Bxg3 8. hxg3 d5 9. Ne5 g6 10. f4 Nbd7 11. Qf3 h5 12. O-O-O Kg7 13. Qe2 c5 14. c3 c4 15. Bc2 Nxe5 16. fxe5 Ng4 17. Nf3 f5 18. exf6+ Rxf6 19. Nh2 Rf2 20. Qe1 Qf6 21. Nxg4 hxg4 22. Qg1 Rh8 23. Rxh8 Kxh8 24. Kb1 Kg7 25. a3 b5 26. Rc1 a5 27. Qh2 Rf1 28. Qh4 Rxc1+ 29. Kxc1 Qf1+ 30. Bd1 Bc6 31. Qe7+ Qf7 32. Qd6 Be8 33. Qe5+ Qf6 34. Qc7+ Kh6 35. Bxg4 Qf1+ 36. Bd1 g5 37. Qe7 Bh5 38. Qxe6+ Kg7 39. Qe5+ Kh6 40. Qd6+ Bg6 41. Qxd5 Qd3 42. e4 Bxe4 43. Qe6+ Bg6 44. Qh3+ Kg7 45. Qd7+ Kh6 46. Qxb5 Qe3# 0-1


[Site "https://www.chess.com"]

[Event "Titled Tuesday Blitz May 03 Early 2022"]
[White "Mortazavi, Ali"]
[Black "Bongo Akanga Ndjila, Barthelemy"]
[WhiteFideId "401323"]
[BlackFideId "10609431"]
[WhiteElo "2339"]
[BlackElo "1768"]
[Result "1-0"]
[Round "02"]
[TimeControl "180+1"]
[Date "2022.05.03"]
[WhiteClock "0:00:58"]
[BlackClock "0:00:12"]

1. Nf3 d5 2. g3 Bg4 3. Bg2 Nf6 4. O-O g6 5. Ne5 Be6 6. c4 c6 7. cxd5 Bxd5 8. f3 Be6 9. d4 Bg7 10. Nc3 O-O 11. e4 Nbd7 12. f4 Nxe5 13. fxe5 Bg4 14. Qd3 Ne8 15. h3 Bc8 16. Bf4 Nc7 17. Rad1 Ne6 18. d5 Nxf4 19. gxf4 Qb6+ 20. Rf2 Rd8 21. Qg3 a5 22. Kh1 a4 23. a3 Ra5 24. Rdf1 Qc7 25. h4 h5 26. Bf3 Ra8 27. e6 fxe6 28. Qxg6 Qxf4 29. Bxh5 Qxh4+ 30. Rh2 Qxh2+ 31. Kxh2 exd5 32. Rf7 1-0


[Site "https://www.chess.com"]

[Event "Titled Tuesday Blitz May 03 Early 2022"]
[White "Murtazin, Bulat"]
[Black "Fier, Alexandr"]
[WhiteFideId "24151351"]
[BlackFideId "2107139"]
[WhiteElo "2329"]
[BlackElo "2571"]
[Result "1-0"]
[Round "02"]
[TimeControl "180+1"]
[Date "2022.05.03"]
[WhiteClock "0:00:05"]
[BlackClock "0:00:36"]

1. d4 Nf6 2. c4 c5 3. d5 e6 4. Nc3 exd5 5. cxd5 d6 6. Nf3 g6 7. Bf4 Bg7 8. Qa4+ Bd7 9. Qb3 Qc7 10. e3 O-O 11. Be2 Nh5 12. Bg5 Na6 13. O-O Rab8 14. Nd2 b5 15. Nde4 f5 16. Bxh5 gxh5 17. Ng3 Be8 18. Qc2 Bg6 19. Qe2 b4 20. Nb5 Qd7 21. a4 Rbe8 22. Bf4 h4 23. Nh5 Bxh5 24. Qxh5 Bxb2 25. Nxd6 Re5 26. Rab1 Bc3 27. Qg5+ Qg7 28. Qxg7+ Kxg7 29. Bxe5+ Bxe5 30. Nc4 Bc3 31. f3 Nc7 32. e4 f4 33. Rfd1 Rd8 34. d6 Ne6 35. Rd5 Nd4 36. Rxc5 Nxf3+ 37. Kf1 Nd2+ 38. Nxd2 Bxd2 39. e5 Kf7 40. Rd1 Bc3 41. d7 Ke6 42. Rc6+ Ke7 43. e6 b3 44. Rxc3 b2 45. Rb3 Kxe6 46. Rxb2 h3 47. Re2+ Kf5 48. gxh3 f3 49. Re8 1-0


[Site "https://www.chess.com"]

[Event "Titled Tuesday Blitz May 03 Early 2022"]
[White "Murthy, Pappu"]
[Black "Bach, Ngoc Thuy Duong"]
[WhiteFideId "2013401"]
[BlackFideId "12408956"]
[WhiteElo "2035"]
[BlackElo "1862"]
[Result "0-1"]
[Round "02"]
[TimeControl "180+1"]
[Date "2022.05.03"]
[WhiteClock "0:00:23"]
[BlackClock "0:00:13"]

1. c4 e5 2. Nc3 Nf6 3. g3 d5 4. cxd5 Nxd5 5. Bg2 Nb6 6. e3 Be7 7. Nge2 Nc6 8. O-O O-O 9. f4 Bg4 10. fxe5 Nxe5 11. d4 Nc6 12. Qc2 Bh5 13. Nf4 Bg6 14. Nxg6 hxg6 15. b3 Bf6 16. Bb2 Re8 17. Qf2 Qd7 18. Rad1 Bg5 19. Rde1 Nb4 20. Qd2 N6d5 21. Nxd5 Nxd5 22. Bxd5 Qxd5 23. Qf2 Re4 24. Re2 Rae8 25. Rfe1 c6 26. Bc1 Bd8 27. Qg2 Qe6 28. Rf1 Bb6 29. Qf3 f6 30. Bb2 Rxe3 31. Rxe3 Qxe3+ 32. Qxe3 Rxe3 33. Rd1 Re2 34. Bc3 Rxa2 35. Kh1 Rc2 36. Ba1 Kf7 37. h4 Ke6 38. g4 Kd5 39. g5 f5 40. Re1 Ba5 41. Re5+ Kd6 42. Re8 Rc1+ 43. Kg2 Rxa1 44. Kf3 Rf1+ 45. Kg2 Re1 46. Rd8+ Bxd8 47. Kf2 Re4 48. Kf3 Kd5 49. b4 Rxh4 50. b5 cxb5 51. Kg3 Rxd4 52. Kf3 Bxg5 53. Ke2 Ke4 54. Ke1 Rd2 55. Kf1 Kf3 56. Kg1 Bf4 57. Kh1 Rd1# 0-1


[Site "https://www.chess.com"]

[Event "Titled Tuesday Blitz May 03 Early 2022"]
[White "Namitbir Singh Walia"]
[Black "Andreev, Eduard"]
[WhiteFideId "35071068"]
[BlackFideId "14103400"]
[WhiteElo "1565"]
[BlackElo "2382"]
[Result "0-1"]
[Round "02"]
[TimeControl "180+1"]
[Date "2022.05.03"]
[WhiteClock "0:00:13"]
[BlackClock "0:01:45"]

1. d4 g6 2. c4 Bg7 3. Nf3 d6 4. g3 Nf6 5. Bg2 O-O 6. O-O Nbd7 7. Nc3 e5 8. e4 c6 9. h3 Qa5 10. Re1 Re8 11. dxe5 dxe5 12. Qc2 Nc5 13. Be3 Ne6 14. Red1 Qc7 15. Ne2 c5 16. Nc3 Nd4 17. Bxd4 cxd4 18. Nd5 Nxd5 19. exd5 Bf5 20. Qe2 d3 21. Qe3 Qxc4 22. Nd2 Qb5 23. Ne4 Qxb2 24. Qxd3 Qd4 25. Qb5 Qb6 26. Qxb6 axb6 27. Nd6 Re7 28. Rac1 Bh6 29. Rc3 Bd7 30. Nxb7 Ba4 31. d6 Rd7 32. Re1 Bd2 33. Rce3 Bxe1 34. Rxe1 Ra7 35. Rxe5 Raxb7 36. Bxb7 Rxb7 37. Re7 0-1


[Site "https://www.chess.com"]

[Event "Titled Tuesday Blitz May 03 Early 2022"]
[White "Nguyen Hong Nhung"]
[Black "Djordjevic, Vuk"]
[WhiteFideId "12412201"]
[BlackFideId "902098"]
[WhiteElo "1758"]
[BlackElo "2496"]
[Result "0-1"]
[Round "02"]
[TimeControl "180+1"]
[Date "2022.05.03"]
[WhiteClock "0:00:04"]
[BlackClock "0:00:16"]

1. e4 d5 2. exd5 Qxd5 3. Nc3 Qd6 4. d4 Nf6 5. Nf3 c6 6. Ne5 Nbd7 7. Nc4 Qc7 8. a4 Nb6 9. Ne5 g6 10. g3 Bg7 11. a5 Nbd5 12. Bg2 O-O 13. O-O Rd8 14. Qe2 Be6 15. Re1 Nb4 16. Be3 Nfd5 17. Nxd5 Bxd5 18. c3 Bxg2 19. Kxg2 Bxe5 20. dxe5 Nd3 21. Red1 Qxe5 22. Rd2 Nc5 23. Bxc5 Qxc5 24. Rad1 Rd5 25. b4 Qxc3 26. Rxd5 cxd5 27. Qxe7 Qc6 28. Rd4 Re8 29. Qg5 Re4 30. Rxe4 dxe4 31. Qd8+ Kg7 32. Qd4+ Kh6 33. Kg1 a6 34. Qe3+ Kg7 35. Qd4+ f6 36. h4 Qe6 37. Qe3 Qe7 38. Qc3 h5 39. Kh2 Kh7 40. Qd4 f5 41. Qc3 Qf7 42. Kg2 f4 43. Qd4 fxg3 44. fxg3 Qf3+ 45. Kh2 Qf5 46. Qe3 Qe6 47. Qd4 Kg8 48. Qe3 Kf7 49. Kg2 Qa2+ 50. Kh3 Qe6+ 51. Kg2 Ke8 52. Qc5 Qc6 53. Qe5+ Kd7 54. Kf2 Qc2+ 55. Ke3 Qd3+ 56. Kf4 Qf3+ 57. Kg5 Qf5+ 58. Qxf5+ gxf5 59. Kf4 Ke6 60. g4 hxg4 61. h5 Kf6 0-1


[Site "https://www.chess.com"]

[Event "Titled Tuesday Blitz May 03 Early 2022"]
[White "Nozdrachev, Leonid"]
[Black "Bychkov, Vladimir"]
[WhiteFideId "24113433"]
[BlackFideId "24151513"]
[WhiteElo "2242"]
[BlackElo "2197"]
[Result "1-0"]
[Round "02"]
[TimeControl "180+1"]
[Date "2022.05.03"]
[WhiteClock "0:00:38"]
[BlackClock "0:00:18"]

1. e4 c6 2. b3 d5 3. Bb2 Nd7 4. Nc3 d4 5. Nce2 e5 6. f4 d3 7. cxd3 Nc5 8. Nc1 exf4 9. Nf3 Bg4 10. Qe2 Ne6 11. Qf2 Bxf3 12. Qxf3 Ne7 13. d4 Nxd4 14. Qd1 Ng6 15. Bc4 Qh4+ 16. Kf1 O-O-O 17. Ne2 Bc5 18. b4 f3 19. bxc5 Nxe2 20. Bxe2 fxe2+ 21. Qxe2 Nf4 22. Qe1 Qxe1+ 23. Rxe1 Rxd2 24. Bc1 Rxg2 25. Bxf4 Rxa2 26. Rg1 g6 27. Rg3 a5 28. Rf3 a4 29. Bd6 f5 30. exf5 gxf5 31. Re7 Rg8 32. Rc7+ Kd8 33. Rxb7 Rgg2 34. Rxf5 Kc8 35. Rc7+ 1-0


[Site "https://www.chess.com"]

[Event "Titled Tuesday Blitz May 03 Early 2022"]
[White "Obolenskikh, Dmitry"]
[Black "Prestia, Paris"]
[WhiteFideId "4156013"]
[BlackFideId "30925959"]
[WhiteElo "2512"]
[BlackElo "2563"]
[Result "1-0"]
[Round "02"]
[TimeControl "180+1"]
[Date "2022.05.03"]
[WhiteClock "0:00:37"]
[BlackClock "0:00:21"]

1. Nf3 Nf6 2. c4 g6 3. Nc3 d6 4. e4 Bg7 5. d4 O-O 6. Be2 Na6 7. O-O e5 8. Re1 Bg4 9. d5 Nc5 10. Nd2 Bxe2 11. Qxe2 a5 12. Nb3 b6 13. Nxc5 bxc5 14. b3 Qd7 15. Bd2 Nh5 16. g3 f5 17. exf5 Rxf5 18. Ne4 Raf8 19. Bxa5 Nf6 20. Rf1 Nxe4 21. Qxe4 Rf3 22. Kg2 Qf7 23. Be1 h5 24. h4 Bh6 25. Qe2 Kh7 26. Rd1 Qf5 27. Bd2 Qc2 28. Qe1 Qxa2 29. Bxh6 Kxh6 30. Rb1 Rxb3 31. Rxb3 Qxb3 32. Qe4 Qb2 33. Qe3+ Kg7 34. Rd1 Qc2 35. Rd2 Qf5 36. Ra2 Qg4 37. Qe2 Qxe2 38. Rxe2 Kf6 39. Ra2 Ke7 40. f3 Rb8 41. Kf2 Rb4 42. Rc2 Rb3 43. Ra2 Rc3 44. Ra4 Kf6 45. Ke2 Rc2+ 46. Kf1 1-0


[Site "https://www.chess.com"]

[Event "Titled Tuesday Blitz May 03 Early 2022"]
[White "Omariev, Maksim"]
[Black "Pham, Tran Gia Phuc"]
[WhiteFideId "4193423"]
[BlackFideId "12415669"]
[WhiteElo "2506"]
[BlackElo "1789"]
[Result "1-0"]
[Round "02"]
[TimeControl "180+1"]
[Date "2022.05.03"]
[WhiteClock "0:01:26"]
[BlackClock "0:01:08"]

1. e4 c5 2. Nf3 d6 3. d4 cxd4 4. Nxd4 Nf6 5. Nc3 a6 6. h3 e6 7. g4 Be7 8. Bg2 Qc7 9. Be3 Nc6 10. Qe2 Nd7 11. O-O-O Nc5 12. Kb1 Bd7 13. f4 Nxd4 14. Bxd4 Bc6 15. Bxg7 Rg8 16. Bd4 b5 17. f5 b4 18. Nd5 Bxd5 19. exd5 e5 20. Bxe5 O-O-O 21. Bf4 Bf6 22. Qc4 a5 23. Rhe1 Rde8 24. Bf1 Re7 25. Rxe7 Bxe7 26. Qd4 Kb7 27. Bb5 Qd8 28. Bc6+ Ka7 29. Re1 Bf6 30. Qc4 Qc7 31. Qxc5+ 1-0


[Site "https://www.chess.com"]

[Event "Titled Tuesday Blitz May 03 Early 2022"]
[White "Osmak, Yuliia"]
[Black "Donchenko, Alexander"]
[WhiteFideId "14101602"]
[BlackFideId "24603295"]
[WhiteElo "2302"]
[BlackElo "2539"]
[Result "0-1"]
[Round "02"]
[TimeControl "180+1"]
[Date "2022.05.03"]
[WhiteClock "0:00:29"]
[BlackClock "0:01:13"]

1. e4 c6 2. Nf3 d5 3. d3 dxe4 4. dxe4 Qxd1+ 5. Kxd1 Nf6 6. Nbd2 g6 7. c3 h5 8. h3 Bh6 9. Kc2 Nbd7 10. Bc4 Nc5 11. e5 Nd5 12. Nb3 Bf5+ 13. Kd1 O-O-O 14. Bxh6 Rxh6 15. Nxc5 Ne3+ 16. Ke2 Nxc4 17. Rad1 Rxd1 18. Rxd1 Nxb2 19. Rd4 b6 20. Nb3 c5 21. Rf4 Rh8 22. g4 hxg4 23. hxg4 Bb1 24. Kd2 Rd8+ 25. Kc1 Nd3+ 26. Kxb1 Nxf4 0-1


[Site "https://www.chess.com"]

[Event "Titled Tuesday Blitz May 03 Early 2022"]
[White "Pacheco Lugo, Alejandro Jose"]
[Black "Vokhidov, Shamsiddin"]
[WhiteFideId "3903745"]
[BlackFideId "14204223"]
[WhiteElo "2146"]
[BlackElo "2611"]
[Result "0-1"]
[Round "02"]
[TimeControl "180+1"]
[Date "2022.05.03"]
[WhiteClock "0:00:03"]
[BlackClock "0:00:11"]

1. e4 e5 2. Nf3 Nc6 3. Bc4 Bc5 4. c3 Nf6 5. d4 exd4 6. e5 d5 7. Bb5 Ne4 8. cxd4 Bb6 9. Nc3 Bg4 10. Be3 O-O 11. h3 Bh5 12. Qc2 Bg6 13. Qb3 Ne7 14. O-O c6 15. Bd3 Nxc3 16. Qxc3 Bxd3 17. Qxd3 Ng6 18. b4 f6 19. a4 fxe5 20. Nxe5 Nxe5 21. dxe5 Qe7 22. Bxb6 axb6 23. Qd4 Qc7 24. f4 Rad8 25. Rac1 g6 26. g4 Rfe8 27. Rfe1 Rf8 28. Re3 Qe7 29. Kg2 Ra8 30. Ra1 Qe6 31. Kg3 b5 32. axb5 Rxa1 33. Qxa1 cxb5 34. Qd4 Rc8 35. Rd3 Rd8 36. Qc5 g5 37. Qd4 gxf4+ 38. Qxf4 Rf8 39. Qg5+ Kh8 40. Rf3 Re8 41. Qf6+ Kg8 42. Qg5+ Qg6 43. Qxg6+ hxg6 44. Kf4 Kf7 45. Kg5+ Kg7 46. Re3 d4 47. Rd3 Rxe5+ 48. Kf4 Kf6 49. Rxd4 g5+ 50. Kg3 Re3+ 51. Kg2 Rb3 52. Re4 b6 53. Kh2 Kf7 54. Kg2 Kf6 55. Kh2 Rc3 56. Kg2 Rc4 57. Kf3 Rc1 58. Kg3 Rc3+ 59. Kg2 Rc1 60. Kg3 Rc2 61. Kf3 Rc4 62. Ke3 Rc3+ 63. Kd4 Rxh3 64. Re8 Rg3 65. Rf8+ Ke7 66. Rg8 Rxg4+ 67. Kd5 Kf6 68. Kc6 Rxb4 69. Kxb6 Rb1 70. Kc5 Kf5 71. Rf8+ Kg4 72. Rf2 Kg3 73. Rf5 g4 74. Kd4 Kh3 75. Ke4 Re1+ 76. Kd3 g3 77. Rh5+ Kg4 78. Rxb5 g2 79. Rb8 g1=Q 0-1


[Site "https://www.chess.com"]

[Event "Titled Tuesday Blitz May 03 Early 2022"]
[White "Pein, Jonathan"]
[Black "Samadov, Read"]
[WhiteFideId "417092"]
[BlackFideId "13417444"]
[WhiteElo "2140"]
[BlackElo "2084"]
[Result "0-1"]
[Round "02"]
[TimeControl "180+1"]
[Date "2022.05.03"]
[WhiteClock "0:02:25"]
[BlackClock "0:01:57"]

1. Nf3 Nf6 2. b3 g6 3. Bb2 Bg7 4. g3 O-O 5. Bg2 d5 6. O-O c6 7. c4 a5 8. Nc3 d4 9. Na4 Ne8 10. c5 e5 11. d3 Be6 12. Rc1 Nd7 13. Rc2 Nc7 14. Qa1 Nd5 15. Ng5 Qxg5 16. f4 exf4 17. Bxd4 Bxd4+ 18. Qxd4 Ne3 19. Rcc1 Nxf1 20. Rxf1 fxg3 21. hxg3 Qxg3 22. Nc3 Qe5 23. Qxe5 Nxe5 24. Ne4 Rfd8 25. Nd6 Rab8 26. d4 Ng4 27. Bf3 Ne3 28. Rc1 Nf5 29. Nxf5 Bxf5 30. e3 Re8 31. Kf2 Be4 32. Bg4 f5 33. Be2 Kg7 34. Rc4 Kf6 35. Ra4 Ra8 36. Rc4 h5 37. Rc1 h4 0-1


[Site "https://www.chess.com"]

[Event "Titled Tuesday Blitz May 03 Early 2022"]
[White "Perez Gormaz, Matias"]
[Black "Mikhnenko, Alexander"]
[WhiteFideId "3406342"]
[BlackFideId "34143014"]
[WhiteElo "2322"]
[BlackElo "2117"]
[Result "1-0"]
[Round "02"]
[TimeControl "180+1"]
[Date "2022.05.03"]
[WhiteClock "0:01:17"]
[BlackClock "0:00:23"]

1. e4 c5 2. Nf3 e6 3. g3 d5 4. exd5 exd5 5. d4 Nf6 6. Bg2 Nc6 7. O-O Be7 8. Nc3 Be6 9. dxc5 Bxc5 10. a3 O-O 11. b4 Bb6 12. Bb2 Rc8 13. Na4 Bc7 14. Nc5 b6 15. Nxe6 fxe6 16. Re1 Re8 17. Ng5 Qd7 18. Bh3 Nd8 19. c4 h6 20. Bxf6 gxf6 21. Nxe6 Nxe6 22. cxd5 Be5 23. Bxe6+ Rxe6 24. dxe6 Qe7 25. Qd7 Re8 26. Qxe7 Rxe7 27. Rad1 Rxe6 28. f4 Bd4+ 29. Kg2 Rxe1 30. Rxe1 Bb2 31. Re8+ Kf7 32. Ra8 1-0


[Site "https://www.chess.com"]

[Event "Titled Tuesday Blitz May 03 Early 2022"]
[White "Peterson, Eric"]
[Black "Melian, Juan Sebastian"]
[WhiteFideId "14908395"]
[BlackFideId "3706575"]
[WhiteElo "2195"]
[BlackElo "1842"]
[Result "0-1"]
[Round "02"]
[TimeControl "180+1"]
[Date "2022.05.03"]
[WhiteClock "0:01:02"]
[BlackClock "0:01:05"]

1. e4 c5 2. d4 cxd4 3. c3 d3 4. Bxd3 d6 5. Nf3 Nc6 6. O-O Bg4 7. h3 Bxf3 8. Qxf3 Ne5 9. Bb5+ Nd7 10. Rd1 Nf6 11. Bg5 Qa5 12. a4 a6 13. b4 Qc7 14. Be2 e6 15. Na3 Be7 16. Nc4 O-O 17. Rac1 b5 18. axb5 axb5 19. Na5 Ne5 20. Qg3 Nxe4 21. Qe3 Nxg5 22. f4 h6 23. fxe5 dxe5 24. h4 Nh7 25. Bf3 Rxa5 26. bxa5 Bc5 0-1


[Site "https://www.chess.com"]

[Event "Titled Tuesday Blitz May 03 Early 2022"]
[White "Petrova, Irina"]
[Black "Vusatiuk, Vladimir"]
[WhiteFideId "14124122"]
[BlackFideId "14118610"]
[WhiteElo "1993"]
[BlackElo "2157"]
[Result "0-1"]
[Round "02"]
[TimeControl "180+1"]
[Date "2022.05.03"]
[WhiteClock "0:00:06"]
[BlackClock "0:00:36"]

1. e4 c5 2. Nf3 d6 3. Bb5+ Nd7 4. O-O Nf6 5. Re1 a6 6. Bf1 b5 7. a4 b4 8. d4 cxd4 9. Qxd4 Qb6 10. Qxb6 Nxb6 11. a5 Nbd7 12. Bd2 Bb7 13. e5 dxe5 14. Nxe5 Nxe5 15. Rxe5 e6 16. c3 bxc3 17. Nxc3 Bd6 18. Ree1 O-O 19. Rad1 Rfd8 20. Na4 Rac8 21. Nb6 Rc2 22. Bg5 Be7 23. Rxd8+ Bxd8 24. b4 h6 25. Be3 Rb2 26. Bc5 Bxb6 27. axb6 Nd5 28. h3 Nxb4 29. Bxb4 Rxb4 30. Ra1 Rxb6 31. Kh2 g5 32. f3 Kg7 33. Kg3 Kf6 34. Ra5 Rd6 35. Be2 Rd5 36. Ra2 a5 37. Bc4 Rc5 38. Bd3 Bd5 39. Ra3 Bc6 40. Be4 Bxe4 41. fxe4 Ke5 42. Kg4 Kxe4 43. Kh5 Kd4 44. Kxh6 Kc4 45. g3 Kb4 46. Ra1 a4 47. Rb1+ Ka5 48. h4 gxh4 49. gxh4 a3 50. h5 a2 51. Ra1 Rc2 52. Kg7 Kb4 53. h6 Kb3 54. h7 Rh2 55. h8=Q Rxh8 56. Kxh8 Kb2 57. Rxa2+ Kxa2 58. Kg7 f5 0-1


[Site "https://www.chess.com"]

[Event "Titled Tuesday Blitz May 03 Early 2022"]
[White "Piesik, Piotr"]
[Black "Oparin, Grigoriy"]
[WhiteFideId "1136194"]
[BlackFideId "24125890"]
[WhiteElo "2190"]
[BlackElo "2665"]
[Result "0-1"]
[Round "02"]
[TimeControl "180+1"]
[Date "2022.05.03"]
[WhiteClock "0:00:06"]
[BlackClock "0:00:16"]

1. Nf3 c5 2. e4 d6 3. Bb5+ Bd7 4. Bxd7+ Nxd7 5. O-O Ngf6 6. Qe2 e6 7. c3 Be7 8. d4 O-O 9. dxc5 Nxc5 10. e5 dxe5 11. Nxe5 Qc7 12. Nd2 Rad8 13. Ndf3 Nd5 14. Rd1 Na4 15. Rd4 Nab6 16. c4 Nf6 17. b3 Rxd4 18. Nxd4 Rd8 19. Bb2 Bc5 20. Nb5 Qe7 21. Rd1 a6 22. Nd4 Qe8 23. Ndf3 Nbd7 24. Bd4 Bxd4 25. Rxd4 Nxe5 26. Qxe5 h6 27. h3 Rxd4 28. Qxd4 Qc8 29. Ne5 Qc7 30. b4 Ne8 31. a4 f6 32. Nd3 Kf7 33. a5 Qd6 34. Qxd6 Nxd6 35. Nc5 e5 36. b5 Nxc4 37. Nxb7 axb5 38. a6 Ke7 39. Na5 Nb6 40. Kf1 Kd7 41. a7 Kc7 42. Ke2 Na8 43. Kd3 Kb6 44. Nb3 Kxa7 45. Nc5 Nc7 46. Ke4 Kb6 47. Nb3 g6 48. g4 b4 49. h4 Ne6 50. Kd5 Nd4 51. Nc1 Nf3 52. h5 gxh5 53. gxh5 Ng5 54. Kc4 Kc6 55. Nd3 Kd6 56. Nxb4 Ke6 57. Kd3 Kf5 58. Nd5 Ne6 59. Ke3 Kg5 60. Ke4 Nc5+ 61. Ke3 Ne6 62. Ke4 Ng7 63. f4+ exf4 64. Nxf4 Nxh5 65. Nd5 f5+ 66. Kf3 Nf6 67. Ne3 Ng4 68. Nd5 Ne5+ 69. Kg3 h5 70. Kh3 Ng6 71. Nc3 Nf4+ 72. Kg3 h4+ 73. Kf3 Ng6 74. Ne2 Ne5+ 75. Kg2 Kg4 76. Nd4 f4 77. Nc2 h3+ 78. Kh2 Nf3+ 79. Kh1 Kg3 80. Ne3 Nd4 81. Nf5+ Nxf5 0-1


[Site "https://www.chess.com"]

[Event "Titled Tuesday Blitz May 03 Early 2022"]
[White "Piliczewski, Bogusz"]
[Black "Mammadzada, Gunay"]
[WhiteFideId "1104144"]
[BlackFideId "13403729"]
[WhiteElo "1896"]
[BlackElo "2242"]
[Result "0-1"]
[Round "02"]
[TimeControl "180+1"]
[Date "2022.05.03"]
[WhiteClock "0:00:03"]
[BlackClock "0:00:35"]

1. d4 d5 2. Nf3 c6 3. Bf4 Nf6 4. h3 Bf5 5. e3 e6 6. Bd3 Bg6 7. Qe2 Bd6 8. Ne5 Qc7 9. Nd2 Nbd7 10. Ndf3 Be4 11. O-O-O Bxf3 12. gxf3 Nxe5 13. dxe5 Bxe5 14. Bxe5 Qxe5 15. Rhg1 O-O 16. f4 Qc7 17. Rg2 c5 18. c3 c4 19. Bc2 b5 20. Rdg1 g6 21. h4 Kh8 22. Rg5 h5 23. Qf3 Rg8 24. Qg3 Rg7 25. f5 Qxg3 26. R5xg3 exf5 27. Bxf5 Rgg8 28. Bc2 a5 29. Rf3 Kg7 30. Rd1 Rgd8 31. Rf4 b4 32. Rfd4 Re8 33. Kd2 Re5 34. Ke2 Rb8 0-1


[Site "https://www.chess.com"]

[Event "Titled Tuesday Blitz May 03 Early 2022"]
[White "Polster, Christian"]
[Black "Urbina Perez, Juan Antonio"]
[WhiteFideId "12965081"]
[BlackFideId "2217368"]
[WhiteElo "2281"]
[BlackElo "2192"]
[Result "1-0"]
[Round "02"]
[TimeControl "180+1"]
[Date "2022.05.03"]
[WhiteClock "0:00:07"]
[BlackClock "0:00:02"]

1. e4 c6 2. Nc3 d5 3. Nf3 dxe4 4. Nxe4 Nf6 5. Nxf6+ exf6 6. Be2 Bd6 7. O-O O-O 8. d4 Qc7 9. h3 Bf5 10. Bd3 Bg6 11. c4 c5 12. d5 Nd7 13. Bxg6 hxg6 14. Be3 Rfe8 15. Re1 b6 16. Qc2 Re7 17. a3 Rae8 18. Bd2 Ne5 19. Re3 Nxf3+ 20. Rxf3 Be5 21. Rd1 Bd4 22. Bc3 Re2 23. Qd3 Bxc3 24. Qxc3 Qd6 25. g3 f5 26. Rdd3 Re1+ 27. Kg2 R1e4 28. Rfe3 f4 29. Rxe4 Rxe4 30. b4 fxg3 31. Rxg3 Rd4 32. Rd3 Rf4 33. bxc5 bxc5 34. Rf3 Rh4 35. Qe1 Qd7 36. Qe2 Rh5 37. Qe3 Kh7 38. Qxc5 Rg5+ 39. Kh1 Rf5 40. Qe3 Rh5 41. Qd3 Qd6 42. Qd4 Qe7 43. Kg2 Qd6 44. Rd3 Rg5+ 45. Kf1 Qh2 46. c5 Qh1+ 47. Ke2 Rg1 48. d6 Re1+ 49. Kd2 Rd1+ 50. Kc3 Rc1+ 51. Kb4 Qe1+ 52. Kb5 Rb1+ 53. Kc6 Qa5 54. d7 Qa6+ 55. Kd5 Qb7+ 56. c6 Qc7 57. Qc5 Re1 58. Re3 Rxe3 59. fxe3 f6 60. Qd6 Qa5+ 61. Ke6 Qf5+ 62. Ke7 Qe4+ 63. Kf7 g5 64. d8=Q Qg6+ 65. Ke7 Qf5 66. c7 Qe4+ 67. Kd7 Qf5+ 68. Qe6 Qe4 69. c8=Q 1-0


[Site "https://www.chess.com"]

[Event "Titled Tuesday Blitz May 03 Early 2022"]
[White "Pourkashiyan, Atousa"]
[Black "Zhu, Jiner"]
[WhiteFideId "12502014"]
[BlackFideId "8608059"]
[WhiteElo "2247"]
[BlackElo "2281"]
[Result "0-1"]
[Round "02"]
[TimeControl "180+1"]
[Date "2022.05.03"]
[WhiteClock "0:00:15"]
[BlackClock "0:00:10"]

1. e4 e5 2. Nf3 Nc6 3. Bb5 a6 4. Ba4 Nf6 5. O-O b5 6. Bb3 Be7 7. Re1 O-O 8. c3 d5 9. exd5 Nxd5 10. Nxe5 Nxe5 11. Rxe5 c6 12. d3 Bd6 13. Re1 Qh4 14. g3 Qh3 15. Qe2 Bg4 16. Qf1 Qh5 17. Nd2 f5 18. f3 Bh3 19. Qf2 Rae8 20. Nf1 Rxe1 21. Qxe1 Qxf3 22. Qf2 Qxd3 23. Bf4 Bxf4 24. Qxf4 Kh8 25. Rd1 Qe2 26. Qd2 Qg4 27. Bxd5 cxd5 28. Ne3 Qe4 29. Nxd5 Rd8 30. b3 h6 31. c4 bxc4 32. bxc4 Qxc4 33. Qa5 Re8 34. Nf4 Qe4 35. Qd2 Bg4 36. Rc1 Qb7 37. Qf2 Bf3 38. Re1 Be4 39. h4 Rc8 40. h5 Rc2 41. Re2 Rc1+ 42. Re1 Qb1 43. Kf1 Rxe1+ 44. Qxe1 Qb5+ 45. Kg1 Qc5+ 46. Kh2 Kh7 47. Qd2 Qc4 48. Qb2 Qf1 49. Ng2 Bxg2 50. Qxg2 Qxg2+ 51. Kxg2 Kg8 52. Kf3 Kf7 53. Kf4 Kf6 54. g4 fxg4 55. Kxg4 g6 56. hxg6 Kxg6 57. Kh4 a5 58. Kg4 a4 59. Kh4 a3 60. Kg4 Kf6 61. Kh5 Ke5 62. Kxh6 Kd4 63. Kg5 Kc3 64. Kf4 Kb2 65. Ke3 Kxa2 66. Kd2 Kb1 67. Kd1 a2 0-1


[Site "https://www.chess.com"]

[Event "Titled Tuesday Blitz May 03 Early 2022"]
[White "Preotu, Razvan"]
[Black "Saksham, Rautela"]
[WhiteFideId "2613280"]
[BlackFideId "35046977"]
[WhiteElo "2407"]
[BlackElo "1990"]
[Result "1-0"]
[Round "02"]
[TimeControl "180+1"]
[Date "2022.05.03"]
[WhiteClock "0:00:04"]
[BlackClock "0:00:02"]

1. e4 e5 2. Nf3 Nc6 3. Bc4 Nf6 4. d3 Bc5 5. c3 a6 6. O-O Ba7 7. Re1 d6 8. a4 O-O 9. h3 h6 10. Nbd2 Re8 11. b4 Be6 12. Bxe6 Rxe6 13. Qc2 Qd7 14. Rb1 Rd8 15. b5 Ne7 16. d4 Ng6 17. d5 Ree8 18. c4 c6 19. b6 Bb8 20. Qb3 cxd5 21. cxd5 Rc8 22. Nc4 Rc5 23. Ba3 Rcc8 24. Rbc1 Nf4 25. Nh4 g6 26. Rc3 Kh7 27. Bc1 N4h5 28. g4 Nf4 29. Ng2 g5 30. Bxf4 exf4 31. f3 Rc5 32. Rec1 Rec8 33. Ne1 Qe8 34. Nd3 Nxd5 35. exd5 Rxd5 36. Re1 Qc6 37. Re7 Kg8 38. Rxf7 Kxf7 39. Nce5+ dxe5 40. Rxc6 bxc6 41. Nb4 Ke6 42. Qc4 Rd8 43. Nxd5 cxd5 44. Qxa6 e4 45. b7+ Bd6 46. Qb6 exf3 47. Qxd8 1-0


[Site "https://www.chess.com"]